 Dungeon Crawl Stone Soup version 0.26.1-11-gd32895ea62 (webtiles) character file.

Game seed: 17291910531991613017

220 Zeld the Slasher (level 6, 0/44 HPs)
             Began as a Human Gladiator on June 4, 2021.
             Succumbed to a worker ant's poison
             ... on level 4 of the Dungeon.
             The game lasted 00:04:19 (5312 turns).

Zeld the Slasher (Human Gladiator)                  Turns: 5312, Time: 00:04:19

Health: 0/44       AC:  4    Str: 16    XL:     6   Next: 18%
Magic:  6/6        EV: 13    Int:  8    God:
Gold:   147        SH:  0    Dex: 15    Spells: 5/5 levels left

rFire    . . .     SeeInvis .   a - +0 long sword
rCold    . . .     Faith    .   (no shield)
rNeg     . . .     Spirit   .   b - +0 leather armour
rPois    .         Reflect  .   c - +0 helmet
rElec    .         Harm     .   (no cloak)
rCorr    .         Rampage  .   (no gloves)
Will     .....                  (no boots)
Stlth    +.........             (no amulet)
HPRegen  0.14/turn              (no ring)
MPRegen  0.10/turn              (no ring)

@: lethally poisoned (0 -> -9)
A: no striking features
a: no special abilities


You were on level 4 of the Dungeon.
You visited 1 branch of the dungeon, and saw 4 of its levels.

You collected 147 gold pieces.

Inventory:

Hand Weapons
 a - a +0 long sword (weapon)
Missiles
 d - 3 throwing nets
 s - 6 poisoned darts (quivered)
 t - 4 boomerangs
Armour
 b - a +0 leather armour (worn)
 c - a +0 helmet (worn)
Jewellery
 j - an uncursed ring of willpower {unknown}
 m - an uncursed ring of resist corrosion {unknown}
Scrolls
 e - 4 scrolls of identify {unknown}
 f - a scroll of fog {unknown}
 g - 2 scrolls of amnesia {unknown}
 h - 4 scrolls of teleportation {unknown}
 l - a scroll of random uselessness {unknown}
 o - 3 scrolls of remove curse {unknown}
Potions
 i - 3 potions of cancellation {unknown}
 k - a potion of berserk rage {unknown}
 n - a potion of magic {unknown}
 p - a potion of haste {unknown}
 r - a potion of brilliance {unknown}


   Skills:
 - Level 2.0 Fighting
 * Level 6.4 Long Blades
 - Level 2.0 Throwing
 - Level 3.0 Dodging


You had 5 spell levels left.
You didn't know any spells.
Your spell library was empty.

Dungeon Overview and Level Annotations

Branches:
Dungeon (4/15)
 Temple: D:4-7

Altars:
Gozag
Hepliaklqana
Trog
Uskayaw


Message History

You feel sick. The worker ant barely misses you. The worker ant misses you.
You barely miss the worker ant.
The worker ant is almost dead.
* * * LOW HITPOINT WARNING * * *
You feel sick.
The worker ant bites you but does no damage.
You closely miss the worker ant.
The worker ant is almost dead.
The worker ant bites you.
* * * LOW HITPOINT WARNING * * *
You are more poisoned.
The worker ant poisons you!
You slash the worker ant!
You kill the worker ant!
* * * LOW HITPOINT WARNING * * *
You feel sick.
* * * LOW HITPOINT WARNING * * *
You feel sick.
You see here a worker ant corpse.
You die...

##############
#......#.....#
#.###)##.###.#
#.#<#.##...#.#
#.#...####.#.#
#.########.#†#
#..........#@#
############)#
..# ####


There were no monsters in sight!

Vanquished Creatures
  2 worker ants (D:4)
  7 gnolls (D:3)
  4 adders
  2 oozes (D:2)
  3 worms (D:3)
  A dart slug (D:2)
  4 leopard geckos
  An orc (D:3)
  5 giant cockroaches
  5 goblins
  7 hobgoblins
  6 kobolds
  A ball python (D:3)
  5 bats
  2 rats
55 creatures vanquished.

Notes
Turn   | Place    | Note
-------+----------+-------------------------------------------
     0 | D:1      | Zeld the Human Gladiator began the quest for the Orb.
     0 | D:1      | Reached XP level 1. HP: 16/16 MP: 1/1
   397 | D:1      | Reached XP level 2. HP: 21/22 MP: 2/2
  1181 | D:2      | Found an opulent altar of Gozag.
  1344 | D:2      | Reached skill level 4 in Long Blades
  1344 | D:2      | Reached XP level 3. HP: 27/27 MP: 3/3
  2415 | D:3      | Found a faded altar of an unknown god.
  2419 | D:3      | Reached XP level 4. HP: 33/33 MP: 4/4
  2522 | D:3      | Reached skill level 5 in Long Blades
  2857 | D:3      | Reached XP level 5. HP: 16/38 MP: 5/5
  4910 | D:3      | Reached skill level 6 in Long Blades
  4958 | D:3      | Found a bloodstained altar of Trog.
  4961 | D:3      | Found a hazy altar of Hepliaklqana.
  4964 | D:3      | Found a hide-covered altar of Uskayaw.
  5295 | D:4      | Reached XP level 6. HP: 34/44 MP: 6/6
  5310 | D:4      | HP: 2/44 [poisoned by a worker ant]
  5312 | D:4      | Succumbed to a worker ant's poison

Illustrated notes

Levels and vault maps discovered:
D:1:      minmay_arrival_cross, layout_basic
D:2:      layout_basic, old_standard_altar, hangedman_decor_growths
D:3:      layout_basic, grunt_temple_overflow_diamond,
          chequers_ecumenical_altar_simple
D:4:      layout_basic

Skill      XL: |  1  2  3  4  5 |
---------------+----------------+-----
Long Blades    | 4 5 6 |  6.4
Fighting       | |  2.0
Throwing       | |  2.0
Dodging        | |  3.0

Action                   |  1- 3 |  4- 6 || total
-------------------------+-------+-------++-------
Melee: Long sword        |    57 |   110 ||   167
  Use: Potion            |       |     1 ||     1
Armor: Leather armour    |    18 |    21 ||    39
Dodge: Dodged            |    59 |   108 ||   167
       Rpst.: Long sword |    17 |    28 ||    45
